AoeStats
← Carple

Arena

505595490Analyzed
1v1 RM · 23d ago on Sep 10, 2026· 71m 35s· 2 players
Game mode
Random Map
Map size
Tiny (2 player)
Population
200
Speed
Normal
Resources
Standard
Victory
Conquest
Starting age
Dark Age
Ending age
Imperial Age
RankedLock teamsTeams togetherTeam positionsShared explorationLock speedFull tech treeHidden civsTurbo modeCheats
Victory
Defeat
🇨🇦 Spanish · Canada
1266
+19
🇦🇺 Lithuanians · Australia
1325
-19
Dingo Ate My Baby!
10:30 Feudal Age
14:38 Castle Age
13:01 Double-Bit Axe
14:39 Loom
19:07 Horse Collar
20:48 Sanctity
23:13 Bow Saw
23:05 Heavy Plow
25:31 Wheelbarrow
30:21 Imperial Age
29:24 Gold Mining
29:24 Stone Mining
30:43 Ballistics
30:33 Masonry
31:08 Hand Cart
30:38 Town Watch
32:09 Chemistry
31:31 Block Printing
31:43 Illumination
31:56 Theocracy
32:26 Forging
32:21 Scale Barding Armor
33:18 Elite Leitis
34:22 Conscription
34:41 Hoardings
34:44 Iron Casting
35:21 Chain Barding Armor
35:27 Chain Barding Armor
34:58 Fletching
35:20 Masonry
37:27 Stone Shaft Mining
38:09 Town Patrol
40:51 Bodkin Arrow
41:33 Plate Barding Armor
41:54 Architecture
41:58 Redemption
42:03 Fervor
44:08 Bracer
45:11 Elite Skirmisher
45:59 Thumb Ring
45:58 Padded Archer Armor
46:03 Tower Shields
50:45 Leather Archer Armor
50:55 Bloodlines
51:28 Husbandry
50:50 Light Cavalry
54:17 Ring Archer Armor
53:13 Winged Hussar
Carple
10:15 Feudal Age
10:43 Double-Bit Axe
10:40 Horse Collar
14:50 Loom
17:44 Castle Age
17:20 Stone Mining
17:20 Gold Mining
19:28 Squires
18:50 Pikeman
20:42 Forging
20:33 Scale Mail Armor
21:33 Bow Saw
24:39 Heavy Plow
28:43 Wheelbarrow
29:31 Devotion
29:59 Scale Barding Armor
30:54 Husbandry
30:29 Light Cavalry
31:19 Bloodlines
31:31 Bloodlines
31:47 Town Watch
36:38 Imperial Age
35:52 Iron Casting
35:53 Ballistics
35:58 Hand Cart
36:17 Chain Barding Armor
35:59 Padded Archer Armor
36:44 Fletching
36:47 Hussar
37:49 Conscription
38:40 Chemistry
37:52 Fortified Wall
40:57 Blast Furnace
40:33 Plate Barding Armor
40:29 Faith
39:56 Halberdier
40:24 Gambesons
40:24 Arson
40:56 Chain Mail Armor
41:47 Cavalier
44:09 Elite Conquistador
46:19 Town Patrol
46:58 Plate Mail Armor
46:25 Bodkin Arrow
47:40 Man-at-Arms
52:10 Two-Man Saw
60:36 Paladin
Connection lost

Rejoining the realm…

Still unreachable

The connection could not be restored.

Session expired

The server has moved on; the page needs a fresh start.